 Dungeon Crawl Stone Soup version 0.26-a0-466-g989023bd0d (webtiles) character file.

Game seed: 6063917501431288362

429 Gargoyl the Skirmisher (level 6, -2/53 HPs)
             Began as a Gnoll Abyssal Knight on July 30, 2020.
             Was a Follower of Lugonu.
             Killed from afar by a raiju (12 damage)
             ... with a living lightning
             ... on level 2 of the Abyss.
             The game lasted 00:00:31 (150 turns).

Gargoyl the Skirmisher (Gnoll Abyssal Knight)        Turns: 150, Time: 00:00:32

Health: -2/53      AC:  3    Str: 14    XL:     6   Next: 98%
Magic:  3/9        EV: 13    Int: 14    God:    Lugonu [*.....]
Gold:   19         SH:  0    Dex: 17    Spells: 9/9 levels left

rFire    . . .     SeeInvis .   a - +1 hand axe
rCold    . . .     Faith    .   (no shield)
rNeg     . . .     Spirit   .   b - +0 leather armour
rPois    .         Reflect  .   (no helmet)
rElec    .         Harm     .   (no cloak)
rCorr    .                      (no gloves)
MR       .....                  (no boots)
Stlth    ++........             (no amulet)
HPRegen  0.17/turn              (no ring)
MPRegen  0.11/turn              (no ring)

@: no status effects
A: distributed training, fangs 1, strong nose
a: Depart the Abyss, Renounce Religion


You were on level 2 of the Abyss.
You worshipped Lugonu.
Lugonu was aware of your devotion.
You visited 0 branches of the dungeon, and saw 0 of its levels.
You visited the Abyss 1 time.

You collected 19 gold pieces.

Inventory:

Hand Weapons
 a - a +1 hand axe (weapon)
Armour
 b - a +0 leather armour (worn)


   Skills:
 + Level 6.9 Fighting
 + Level 2.2 Short Blades
 + Level 2.2 Long Blades
 + Level 5.1 Axes
 + Level 2.2 Maces & Flails
 + Level 2.2 Polearms
 + Level 2.2 Staves
 + Level 2.2 Slings
 + Level 2.2 Bows
 + Level 2.2 Crossbows
 + Level 2.2 Throwing
 + Level 5.1 Armour
 + Level 3.4 Dodging
 + Level 2.2 Stealth
 + Level 2.2 Shields
 + Level 2.2 Unarmed Combat
 + Level 2.2 Spellcasting
 + Level 1.7 Conjurations
 + Level 1.7 Hexes
 + Level 1.7 Summonings
 + Level 1.7 Necromancy
 + Level 1.7 Translocations
 + Level 1.7 Transmutations
 + Level 1.7 Fire Magic
 + Level 1.7 Ice Magic
 + Level 1.7 Air Magic
 + Level 1.7 Earth Magic
 + Level 1.7 Poison Magic
 + Level 5.2 Invocations
 + Level 2.2 Evocations


You had 9 spell levels left.
You didn't know any spells.
Your spell library was empty.

Dungeon Overview and Level Annotations

Branches:
Dungeon (0/15)

Altars:


Innate Abilities, Weirdness & Mutations

Your experience applies equally to all skills.
You have very sharp teeth.
Your uncanny sense of smell can sniff out nearby items.


Message History

Your Earth Magic skill increases to level 1!
Your Poison Magic skill increases to level 1!
Your Invocations skill increases to level 5!
Your Evocations skill gained 2 levels and is now at level 2!
You have reached level 2!
You have reached level 3!
Your experience leads to an increase in your attributes!
Increase (S)trength, (I)ntelligence, or (D)exterity?
You feel agile.
You have reached level 4!
You feel agile.
You have reached level 5!
You have reached level 6!
Your experience leads to an increase in your attributes!
Increase (S)trength, (I)ntelligence, or (D)exterity?
You feel agile.
The substance of the Abyss twists violently, and a gateway leading out appears!
The raiju bursts into living lightning!
The living lightning hits you!
You die... ∆ ∆### ∆ #@# #§# Xh# ##$# ### ∆ ∆ ∆ ∆

You could see a large abomination and a raiju.

Vanquished Creatures
  A necromancer (Abyss:2)
1 creature vanquished.

Notes
Turn   | Place    | Note
-------+----------+-------------------------------------------
     0 | Abyss:1  | Gargoyl the Gnoll Abyssal Knight began the quest for the
                  | Orb.
     0 | Abyss:1  | Reached XP level 1. HP: 23/23 MP: 3/3
   101 | Abyss:1  | Noticed a worldbinder
   116 | Abyss:1  | Noticed a large abomination
   126 | Abyss:1  | Noticed a small abomination
   129 | Abyss:2  | Noticed a necromancer
   129 | Abyss:2  | Noticed a raiju
   136 | Abyss:2  | Noticed a large abomination
   150 | Abyss:2  | Killed a necromancer
   150 | Abyss:2  | Reached skill level 5 in Axes
   150 | Abyss:2  | Reached skill level 5 in Armour
   150 | Abyss:2  | Reached skill level 1 in Conjurations
   150 | Abyss:2  | Reached skill level 1 in Hexes
   150 | Abyss:2  | Reached skill level 1 in Summonings
   150 | Abyss:2  | Reached skill level 1 in Necromancy
   150 | Abyss:2  | Reached skill level 1 in Translocations
   150 | Abyss:2  | Reached skill level 1 in Transmutations
   150 | Abyss:2  | Reached skill level 1 in Fire Magic
   150 | Abyss:2  | Reached skill level 1 in Ice Magic
   150 | Abyss:2  | Reached skill level 1 in Air Magic
   150 | Abyss:2  | Reached skill level 1 in Earth Magic
   150 | Abyss:2  | Reached skill level 1 in Poison Magic
   150 | Abyss:2  | Reached skill level 5 in Invocations
   150 | Abyss:2  | Reached XP level 2. HP: 5/29 MP: 3/5
   150 | Abyss:2  | Reached XP level 3. HP: 6/35 MP: 3/6
   150 | Abyss:2  | Reached XP level 4. HP: 8/41 MP: 3/7
   150 | Abyss:2  | Reached XP level 5. HP: 9/47 MP: 3/8
   150 | Abyss:2  | Reached XP level 6. HP: 10/53 MP: 3/9
   150 | Abyss:2  | Killed from afar by a raiju

Illustrated notes

Levels and vault maps discovered:
Abyss:2:  hangedman_cross_veins

Skill      XL: |  1 |
---------------+----+-----
Short Blades   | 2 |  2.2
Long Blades    | 2 |  2.2
Axes           | 5 |  5.1
Maces & Flails | 2 |  2.2
Polearms       | 2 |  2.2
Staves         | 2 |  2.2
Slings         | 2 |  2.2
Bows           | 2 |  2.2
Crossbows      | 2 |  2.2
Throwing       | 2 |  2.2
Armour         | 5 |  5.1
Dodging        | 3 |  3.4
Stealth        | 2 |  2.2
Shields        | 2 |  2.2
Unarmed Combat | 2 |  2.2
Spellcasting   | 2 |  2.2
Conjurations   | 1 |  1.7
Hexes          | 1 |  1.7
Summonings     | 1 |  1.7
Necromancy     | 1 |  1.7
Translocations | 1 |  1.7
Transmutations | 1 |  1.7
Fire Magic     | 1 |  1.7
Ice Magic      | 1 |  1.7
Air Magic      | 1 |  1.7
Earth Magic    | 1 |  1.7
Poison Magic   | 1 |  1.7
Invocations    | 5 |  5.2
Evocations     | 2 |  2.2
Fighting       | |  6.9

Action                   |  1- 3 |  4- 6 || total
-------------------------+-------+-------++-------
Melee: Hand axe          |    20 |       ||    20
       Bite              |     1 |       ||     1
Armor: Leather armour    |     5 |       ||     5
Dodge: Dodged            |     4 |       ||     4

Table legend: (Time is in decaauts)
 A = Elapsed time spent in this place.
 B = Non-inter-level travel time spent in this place.
 C = Inter-level travel time spent in this place.
 D = Time resting spent in this place.
 E = Time spent auto-exploring this place.
 F = Levels seen in this place.
 G = Mean time per level.
                   A        B        C        D        E       F      G
               +--------+--------+--------+--------+--------+-----+--------+
         Total |    151 |    151 |      0 |      0 |    100 |   2 |   75.5 |
         Abyss |    151 |    151 |      0 |      0 |    100 |   2 |   75.5 |
               +--------+--------+--------+--------+--------+-----+--------+

Top non-repeatable levels by time:
 Abyss:1: 129 daAuts
 Abyss:2: 22 daAuts
